AoeStats
← Brahmaking

Hideout

509133215Analyzed
1v1 RM · 6d ago on Sep 25, 2026· 27m 5s· 2 players
Game mode
Random Map
Map size
Tiny (2 player)
Population
200
Speed
Normal
Resources
Standard
Victory
Conquest
Starting age
Dark Age
Ending age
Imperial Age
RankedLock teamsTeams togetherTeam positionsShared explorationLock speedFull tech treeHidden civsTurbo modeCheats
Victory
Defeat
🇨🇱 Sicilians · Chile
387
+17
🇲🇹 Khitans · Malta
418
-17
DICO
4:11 Loom
11:30 Feudal Age
13:35 Gold Mining
13:40 Stone Mining
14:11 Double-Bit Axe
20:08 Forging
19:50 Fletching
Brahmaking
11:19 Feudal Age
11:46 Double-Bit Axe
12:42 Wheelbarrow
11:52 Town Watch
11:55 Domestication
17:16 Castle Age
16:38 Stone Mining
19:06 Stone Shaft Mining
19:27 Bow Saw
20:00 Pastoralism
19:55 Loom
22:10 Arson
Connection lost

Rejoining the realm…

Still unreachable

The connection could not be restored.

Session expired

The server has moved on; the page needs a fresh start.